 Dungeon Crawl Stone Soup version 0.30-b1-2-g02819fbbbe (webtiles) character file.

Game seed: 3264628974769807073

984 ketsa the Slasher (level 7, -2/58 HPs)
             Began as an Armataur Warper on May 22, 2023.
             Was a Follower of Okawaru.
             Slain by a killer bee zombie (5 damage)
             ... on level 6 of the Dungeon.
             The game lasted 00:14:56 (4813 turns).

ketsa the Slasher (Armataur Warper)                 Turns: 4813, Time: 00:14:57

Health: -2/58      AC: 10    Str: 17    XL:     7   Next: 97%
Magic:  7/9        EV:  9    Int: 13    God:    Okawaru [*.....]
Gold:   245        SH:  0    Dex: 17    Spells: 7/9 levels left

rFire   . . .        a - +0 falchion
rCold   . . .        (no shield)
rNeg    . . .        r - +1 ring mail
rPois   .            i - +0 helmet
rElec   .            A - +0 cloak
rCorr   +            E - +0 pair of gloves
SInv    .            (no barding)
Will    .....        (no amulet)
Stlth   +            u - ring of resist corrosion
HPRegen 0.29/turn    D - +6 ring of dexterity
MPRegen 0.11/turn

%: roll
@: about to teleport, on blink cooldown, flying, hasted, very quick
A: large, rugged brown scales 3, deformed body, armoured tail, roll, long
tongue, awkward tongue
a: Renounce Religion, Heroism


You were on level 6 of the Dungeon.
You worshipped Okawaru.
Okawaru was aware of your devotion.
You visited 1 branch of the dungeon, and saw 6 of its levels.

You collected 245 gold pieces.

Inventory:

Hand Weapons
 a - a +0 falchion (weapon)
Missiles
 d - 7 boomerangs of dispersal
 g - 2 throwing nets
 k - 4 javelins
 B - 4 poisoned darts
 F - 9 boomerangs
Armour
 b - a +0 leather armour
 i - a +0 helmet (worn)
 p - a +0 leather armour
 r - a +1 ring mail (worn)
 z - a +0 chain mail
 A - a +0 cloak (worn)
 E - a +0 pair of gloves (worn)
Jewellery
 u - a ring of resist corrosion (left hand)
 D - a +6 ring of dexterity (right hand)
Wands
 w - a wand of paralysis (22)
 y - a wand of iceblast (4) (quivered)
Scrolls
 c - a scroll of blinking
 e - a scroll of vulnerability
 j - a scroll of fog
 l - a scroll of noise {unknown}
 C - a scroll of teleportation
 H - 4 scrolls of enchant armour
Potions
 h - a potion of might
 m - a potion of magic {unknown}
 n - a potion of brilliance {unknown}
 o - a potion of attraction {unknown}
 q - a potion of flight
 s - a potion of lignification {unknown}
 v - a potion of mutation {unknown}
 x - 2 potions of invisibility {unknown}
 G - a potion of degeneration {unknown}
 I - a potion of cancellation {unknown}


   Skills:
 - Level 2.2 Fighting
 * Level 6.8 Long Blades
 - Level 0.8 Throwing
 + Level 2.6 Armour
 - Level 1.3 Dodging
 - Level 1.7 Spellcasting
 + Level 5.8 Translocations


You had 7 spell levels left.
You knew the following spells:

 Your Spells              Type           Power      Damage    Failure   Level
a - Blink                 Tloc           32%        N/A       6%          2

Your spell library contained the following spells:

 Spells                   Type           Power      Damage    Failure   Level
 Lesser Beckoning         Tloc           32%        N/A       6%          2
 Teleport Other           Tloc           16%        N/A       13%         3
 Vhi's Electric Charge    Tloc/Air       16%        N/A       38%         3
 Manifold Assault         Tloc           16%        N/A       38%         4
 Passage of Golubria      Tloc           16%        N/A       38%         4
 Beastly Appendage        Tmut           2%         N/A       43%         1
 Necrotise                Necr           4%         1d4       43%         1
 Sting                    Tmut/Pois      4%         1d3       43%         1
 Ensorcelled Hibernation  Hex/Ice        2%         N/A       56%         2
 Passwall                 Tmut/Erth      0%         N/A       56%         2
 Poisonous Vapours        Pois/Air       2%         N/A       56%         2
 Static Discharge         Conj/Air       2%         2-3/arc   56%         2
 Wereblood                Tmut           1%         N/A       56%         2
 Spider Form              Tmut/Pois      1%         N/A       80%         3
 Swiftness                Air            1%         N/A       80%         3
 Vampiric Draining        Necr           1%         2d6       80%         3
 Airstrike                Air            0%         2d(1-17)  99%         4
 Olgreb's Toxic Radiance  Pois           1%         N/A       99%         4
 Agony                    Necr           1%         N/A       100%        5
 Yara's Violent Unravell  Hex/Tmut       0%         3d3       100%        5
 Tukima's Dance           Hex            Unusable   N/A       N/A         3
 Summon Lightning Spire   Summ/Air       Unusable   N/A       N/A         4

Dungeon Overview and Level Annotations

Branches:
Dungeon (6/15) Zot: 26395
 Temple: D:4-7

Altars:
Fedhas
Okawaru

Shops:
D:1 :!(   D:4 :


Innate Abilities, Weirdness & Mutations

You are completely covered in rugged brown scales. (AC +3, +7% HP)
Armour fits poorly on your strangely shaped body.
You have a long armoured tail.
You roll when moving toward enemies. (Rampage)
Your long tongue fully drains potion bottles. (2x potion effects)
Your tongue gives you trouble enunciating. (1.5x scroll delay)


Message History

The centaur is heavily wounded.
The centaur hits you but does no damage.
The centaur completely misses you.
You hit the centaur.
The centaur is heavily wounded.
You hit the centaur.
The centaur is severely wounded.
The centaur closely misses you. x2; The orc hits you with a +0 whip.
You hit the centaur.
You punch the centaur, but do no damage.
The centaur is severely wounded.
The centaur hits you.
* * * LOW HITPOINT WARNING * * *
The centaur completely misses you.
You hit the centaur. You tail-slap the centaur.
You kill the centaur!
Okawaru accepts your kill.
You can now gain great but temporary skills.
The orc hits you with a +0 whip.
* * * LOW HITPOINT WARNING * * *
Your surroundings suddenly seem different.
A bullfrog skeleton and a black bear come into view.
The black bear growls angrily.
As you slowly read the scroll of teleportation, it crumbles to dust.
You feel strangely unstable. The wyvern skeleton barely misses you.
The black bear bites you.
* * * LOW HITPOINT WARNING * * *
The black bear claws you but does no damage.
The black bear barely misses you. The wyvern skeleton bites you.
* * * LOW HITPOINT WARNING * * *
Casting: Blink (safe; 6% risk of failure)
Confirm with . or Enter, or press ? or * to list all spells.
You blink.
The wyvern skeleton bites you.
* * * LOW HITPOINT WARNING * * *
It was a potion of flight.
You feel very buoyant.
You fly up into the air.
You slurp down every last drop of the potion of flight!
The killer bee zombie hits you.
You die...

####### ####.8...###
####..........# .#
.........8....###########.#
..............##..........#
..............##.Z........#
..............##@ZWh......###
..........[...'o.ZZ..........
.............[##.....PP...#
..............######Z...###
.......######## ##P..P#
.......# #...PP# ########
#.....# #.##### #######.#


You could see a black bear, a phantom, an orc, a killer bee zombie, a hornet
zombie, a bullfrog skeleton and 2 wyvern skeletons.

Vanquished Creatures
  A hornet zombie (D:6)
  2 centaurs (D:6)
  A phantom (D:5)
  2 scorpions (D:4)
  A howler monkey (D:4)
  3 hounds
  A centaur skeleton (D:6)
  A bullfrog skeleton (D:6)
  Jessica (D:3)
  3 iguanas
  An orc wizard (D:5)
  3 killer bee zombies (D:6)
  Robin (D:3)
  3 adders (D:4)
  A worm (D:2)
  5 dart slugs
  10 orcs
  6 bats
  6 endoplasms
  3 giant cockroaches (D:1)
  10 goblins
  12 hobgoblins
  5 quokkas
  7 ball pythons
  4 frilled lizards
  5 kobolds
  7 rats
105 creatures vanquished.

Vanquished Creatures (others)
  A withered plant (D:6)
1 creature vanquished.

Grand Total: 106 creatures vanquished

Notes
Turn   | Place    | Note
-------+----------+-------------------------------------------
     0 | D:1      | ketsa the Armataur Warper began the quest for the Orb.
     0 | D:1      | Reached XP level 1. HP: 18/18 MP: 3/3
    41 | D:1      | Reached skill level 2 in Long Blades
   187 | D:1      | Reached XP level 2. HP: 20/25 MP: 4/4
   200 | D:1      | Found Otza's Antique Weapon Emporium.
   249 | D:1      | Found Bittag's Distillery.
   510 | D:1      | Found Ypry's Book Shop.
   536 | D:1      | Learned a level 2 spell: Blink
   644 | D:1      | Reached XP level 3. HP: 24/31 MP: 5/5
   797 | D:2      | Reached skill level 3 in Long Blades
  1802 | D:3      | Noticed Jessica
  1808 | D:3      | Killed Jessica
  1809 | D:3      | Reached XP level 4. HP: 22/38 MP: 6/6
  1823 | D:3      | You fall into a shaft and drop 2 floors!
  1823 | D:5      | Entered Level 5 of the Dungeon
  1908 | D:5      | Noticed a phantom
  1921 | D:4      | Noticed a scorpion
  1930 | D:4      | Killed a scorpion
  1931 | D:4      | Reached skill level 4 in Long Blades
  1931 | D:4      | Reached XP level 5. HP: 28/43 MP: 7/7
  2277 | D:3      | Noticed Robin
  2286 | D:3      | Killed Robin
  2810 | D:4      | Reached XP level 6. HP: 22/51 MP: 8/8
  2945 | D:4      | Found Dohi Qor's Vocational Training.
  3136 | D:4      | Reached skill level 5 in Long Blades
  3554 | D:5      | Reached skill level 5 in Translocations
  3653 | D:4      | Reached XP level 7. HP: 34/56 MP: 9/9
  3900 | D:5      | Found a blossoming altar of Fedhas.
  3900 | D:5      | Found an iron altar of Okawaru.
  3918 | D:5      | Became a worshipper of Warmaster Okawaru
  3931 | D:5      | Identified the +0 hand axe of Sashehas {spect, SInv}
  3979 | D:4      | Reached skill level 6 in Long Blades
  4809 | D:6      | Reached * piety under Okawaru
  4813 | D:6      | Slain by a killer bee zombie

Illustrated notes

Levels and vault maps discovered:
D:1:      matt_arrival_diagonals, layout_basic, serial_shops, shop,
          nicolae_shop_pleasant_corner_grove, nicolae_shop_peninsula
D:2:      layout_loops_ring, skrybe_limestone_x, serial_bayou_ford_a
D:3:      layout_basic, uniq_jessica, uniq_robin
D:4:      layout_gridville, nicolae_shop_vocational
D:5:      layout_cave_pools, mainiacjoe_overflow_large_starburst,
          chequers_serial_rivers_room_a
D:6:      layout_basic, minmay_temple_entry_junction, serial_undead,
          serial_undead_e, serial_undead_b, serial_undead_c, serial_undead_b,
          serial_undead_e, serial_undead_f

Skill      XL: |  1  2  3  4  5  6  7 |
---------------+----------------------+-----
Long Blades    | 2 3 4 5 6 |  6.8
Translocations | 4 5 |  5.8
Fighting       | 2 |  2.2
Armour         | 2 |  2.6
Throwing       | |  0.8
Dodging        | |  1.3
Spellcasting   | |  1.7

Action                     |  1- 3 |  4- 6 |  7- 9 || total
---------------------------+-------+-------+-------++-------
  Melee: Falchion          |   143 |   222 |   101 ||   466
         Tailslap          |    13 |    27 |    20 ||    60
         Punch             |     1 |     1 |     2 ||     4
   Cast: Blink             |       |       |     1 ||     1
  Evoke: Wand              |       |       |     1 ||     1
    Use: Scroll            |       |     9 |     2 ||    11
         Potion            |       |     1 |     5 ||     6
 Armour: Leather armour    |    49 |       |       ||    49
         Ring mail         |    11 |   112 |    73 ||   196
  Dodge: Dodged            |    69 |   114 |    87 ||   270
